 Dungeon Crawl Stone Soup version 0.29-a0-90-gc37658a0fe (webtiles) character file.

Game seed: 1929224458017195147

10 lordive the Chucker (level 2, 26/27 HPs)
             Began as a Troll Hunter on Feb 7, 2022.
             Quit the game on level 1 of the Dungeon.
             The game lasted 00:00:31 (367 turns).

lordive the Chucker (Troll Hunter)                   Turns: 367, Time: 00:00:31

Health: 26/27      AC:  4    Str: 19    XL:     2   Next: 10%
Magic:  1/1        EV:  9    Int:  7    God:
Gold:   0          SH:  0    Dex: 10    Spells: 1/1 levels left

rFire   . . .      SeeInvis .   (no weapon)
rCold   . . .      Faith    .   (no shield)
rNeg    . . .      Spirit   .   b - +0 robe
rPois   .          Reflect  .   (helmet restricted)
rElec   .          Harm     .   (no cloak)
rCorr   .          Rampage  .   (gloves unavailable)
Will    .....                   (boots unavailable)
Stlth   +.........              (no amulet)
HPRegen 0.89/turn               (no ring)
MPRegen 0.07/turn               (no ring)

@: no status effects
A: large, unfitting armour, claws 3, regeneration 1, shaggy fur 1, tough skin 1
a: no special abilities


You were on level 1 of the Dungeon.
You visited 1 branch of the dungeon, and saw 1 of its levels.

Inventory:

Missiles
 c - 5 large rocks (quivered)
 d - 2 throwing nets
Armour
 b - a +0 robe (worn)
Scrolls
 a - a scroll of noise {unknown}
 f - a scroll of holy word {unknown}
 h - a scroll of fear {unknown}
Potions
 e - a potion of curing {unknown}
 g - a potion of mutation {unknown}


   Skills:
 + Level 1.5 Fighting
 + Level 4.0 Throwing
 + Level 1.6 Dodging
 + Level 0.3 Stealth


You had one spell level left.
You didn't know any spells.
Your spell library was empty.

Dungeon Overview and Level Annotations

Branches:
Dungeon (1/15)

Altars:


Innate Abilities, Weirdness & Mutations

You are too large for most types of armour.
You have claws for hands.
Your natural rate of healing is unusually fast.
You are covered in fur. (AC +1)
You have tough skin. (AC +1)


Message History

No target in view!
f - a scroll labelled XOIHYMN IMEPOE
g - a murky orange potion
h - a scroll labelled ZERRUM BIMPEQEAM A goblin comes into view.
It is wielding a +0 club.
The goblin shouts!
You hear a shout! x2
The goblin moves out of view.
A kobold comes into view. It is wielding a +0 dagger.
The kobold shouts!
A goblin comes into view. It is wielding a +0 dagger.
You claw the goblin!
You kill the goblin!
Your Throwing skill increases to level 4!
You see here a +0 club.
The kobold hits you but does no damage.
You scratch the kobold but do no damage.
The kobold barely misses you.
You claw the goblin!
You kill the goblin!
The kobold barely misses you.
You have reached level 2!
You barely miss the kobold. The kobold hits you but does no damage.
You completely miss the kobold. The kobold hits you with a +0 dagger.
You claw the kobold!
You kill the kobold!
No target in view!
No target in view!
No target in view!
No target in view!
No target in view!
No target in view!
No target in view!
No target in view!
No target in view!
No target in view!
No target in view!
No target in view!
No target in view!
No target in view!
Are you sure you want to abandon this character and quit the game? (Confirm with "yes".)

### ### #.. .. #
#.# .####.#
#.##......#
######....$......#
.........)........
#.)@).......#
###.#########.#
#...#.......#.#
#.###.#####.#.#
#.#...#####.#.# #
#.#.####......####
##.######.#.#
#.##.##...#
........#.#.# #
#.......#
..........#.#
#..##...#


There were no monsters in sight!

Vanquished Creatures
  3 goblins (D:1)
  A quokka (D:1)
  2 ball pythons (D:1)
  3 kobolds (D:1)
  A rat (D:1)
10 creatures vanquished.

Notes
Turn   | Place    | Note
-------+----------+-------------------------------------------
     0 | D:1      | lordive the Troll Hunter began the quest for the Orb.
     0 | D:1      | Reached XP level 1. HP: 19/19 MP: 0/0
   360 | D:1      | Reached skill level 4 in Throwing
   364 | D:1      | Reached XP level 2. HP: 27/27 MP: 1/1
   367 | D:1      | Quit the game

Illustrated notes

Levels and vault maps discovered:
D:1:      co_arrival_random_square_maze, layout_basic, nrook_uturn

Skill      XL: |  1 |
---------------+----+-----
Throwing       | 4 |  4.0
Fighting       | |  1.5
Dodging        | |  1.6
Stealth        | |  0.3

Action                   || total
-------------------------++-------
Melee: Unarmed           ||    19
       Short sword       ||     7
Armor: Robe              ||     9
Dodge: Dodged            ||    13

Table legend: (Time is in decaauts)
 A = Elapsed time spent in this place.
 B = Non-inter-level travel time spent in this place.
 C = Inter-level travel time spent in this place.
 D = Time resting spent in this place.
 E = Time spent auto-exploring this place.
 F = Levels seen in this place.
 G = Mean time per level.
                   A        B        C        D        E       F      G
               +--------+--------+--------+--------+--------+-----+--------+
         Total |    367 |    367 |      0 |      0 |    291 |   1 |  367.0 |
       Dungeon |    367 |    367 |      0 |      0 |    291 |   1 |  367.0 |
               +--------+--------+--------+--------+--------+-----+--------+

Top non-repeatable levels by time:
     D:1: 367 daAuts
